 Dungeon Crawl Stone Soup version 0.21-a0-140-g479285b (webtiles) character file.

52 Manul the Covert (level 4, -1/58 HPs)
             Began as a Kobold Wanderer on July 21, 2017.
             Slain by a goblin
             ... wielding a +0 club
             ... led by Robin
              (2 damage)
             ... on level 2 of the Dungeon.
             The game lasted 00:01:22 (916 turns).

Manul the Covert (Kobold Wanderer)                   Turns: 916, Time: 00:01:23

Health: -1/58      AC: 22    Str: 19 (20) XL:     4   Next: 8%
Magic:  4/4        EV:  3    Int: 17      God:
Gold:   39         SH:  0    Dex: 12      Spells: 3/3 levels left

rFire    . . .     SeeInvis .   a - +2 dagger
rCold    . . .     Gourm    .   (shield restricted)
rNeg     + + +     Faith    .   (armour currently unavailable)
rPois    +         Spirit   .   (helmet currently unavailable)
rElec    .         Reflect  .   (cloak currently unavailable)
rCorr    .         Harm     .   (gloves currently unavailable)
MR       .....     NoTele   +   (boots currently unavailable)
Stlth    ..........             (no amulet)
HPRegen  0.19/turn              (no ring)
MPRegen  0.09/turn              (no ring)

@: mighty, brilliant, berserking, tree-form (expiring), very quick
A: carnivore 3, deterioration 1, strong 1, no potion heal 1
a: no special abilities


You were on level 2 of the Dungeon.
You were completely stuffed.
You were a tree.
You visited 1 branch of the dungeon, and saw 2 of its levels.

You collected 39 gold pieces.

Inventory:

Hand Weapons
 a - a +2 dagger (weapon)
Armour
 e - a +0 robe
 l - a +0 ring mail (melded)
Scrolls
 b - a scroll of fear
 j - a scroll of amnesia {unknown}
 p - a scroll of magic mapping {unknown}
Potions
 h - a potion of heal wounds {unknown}
 i - a potion of degeneration {unknown}
Comestibles
 f - a meat ration
 n - 2 chunks of flesh
 o - a royal jelly


   Skills:
 + Level 2.2 Fighting
 + Level 0.6 Short Blades
   Level 1.5 Polearms
 + Level 1.1 Throwing
 + Level 0.5 Dodging
 + Level 8.1 Stealth


You had 3 spell levels left.
You didn't know any spells.

Dungeon Overview and Level Annotations

Branches:
Dungeon (2/15)

Altars:

Annotations:
D:2 Robin


Innate Abilities, Weirdness & Mutations

You are small and have problems with some larger weapons.
You are carnivorous and can eat meat at any time.
((You have sharp toenails.))
Your body sometimes deteriorates upon taking damage.
Your muscles are strong. (Str +2)
Potions are less effective at restoring your health.


Message History

The goblin hits you but does no damage.
The hobgoblin hits you but does no damage.
The goblin hits you but does no damage.
A goblin comes into view.
You barely miss the dart slug.
Robin roars a battlecry!
The goblin goes into a battle-frenzy!
The goblin hits you but does no damage. x2
The hobgoblin hits you but does no damage.
The dart slug bites you but does no damage.
The goblin barely misses you. The hobgoblin hits you with a club.
* * * LOW HITPOINT WARNING * * *
You puncture the dart slug!
You kill the dart slug!
The hobgoblin no longer looks unusually strong.
The goblin barely misses you. Robin throws the goblin at you!
The goblin completely misses you.
Unknown command.
You barely miss the goblin. The goblin hits you with a club.
You die...

#.....####..#### ###
###....##......... #.#
................. #.#
#.....#........? ..#
#...........g.. ..####
#.......g$..#
.....####....†.†.g..#
..##...........g♣gg.#
..##...........ggg..#
..##÷....%...........#
...............##.#.....
..####.....#..## .####..
#.####..####### ## .
..#.....# ....###.#
..#####÷#


You could see Robin, 2 hobgoblins and 6 goblins.

Vanquished Creatures
  2 adders (D:2)
  A worm (D:2)
  2 dart slugs (D:2)
  2 leopard geckos (D:1)
  3 bats
  A giant cockroach (D:1)
  3 goblins
  A hobgoblin (D:2)
  A kobold (D:1)
  14 rats
30 creatures vanquished.

Notes
Turn   | Place    | Note
-------+----------+-------------------------------------------
     0 | D:1      | Manul the Kobold Wanderer began the quest for the Orb.
     0 | D:1      | Manul set off with: a +2 dagger, a scroll of fear, a potion of curing, a potion of lignification, a +0 robe, a meat ration
     0 | D:1      | Reached XP level 1. HP: 12/12 MP: 1/1
    20 | D:1      | Reached skill level 7 in Stealth
    23 | D:1      | Reached XP level 2. HP: 15/17 MP: 2/2
   611 | D:2      | Reached XP level 3. HP: 21/21 MP: 3/3
   863 | D:2      | Reached skill level 8 in Stealth
   897 | D:2      | Noticed Robin
   906 | D:2      | Gained mutation: Your body sometimes deteriorates upon taking damage. [potion of mutation]
   906 | D:2      | Gained mutation: Your muscles are strong. (Str +2) [potion of mutation]
   906 | D:2      | Gained mutation: Potions are less effective at restoring your health. [potion of mutation]
   906 | D:2      | Gained mutation: You have sharp toenails. [potion of mutation]
   910 | D:2      | Reached XP level 4. HP: 10/26 MP: 4/4
   914 | D:2      | HP: 1/58 [hobgoblin/club[Robin] (2)]
   916 | D:2      | Slain by a goblin

Vault maps used:
D:1:      erik_arrival_orb_chamber, hex_medium, st_stairs_7
D:2:      patterned_corridor, uniq_natasha, uniq_robin, uniq_crazy_yiuf_cottage

Skill      XL: |  1  2  3 |
---------------+----------+-----
Stealth        | 7 8 |  8.1
Fighting       | |  2.2
Short Blades   | |  0.6
Polearms       | |  1.5
Throwing       | |  1.1
Dodging        | |  0.5

Action                   |  1- 3 |  4- 6 || total
-------------------------+-------+-------++-------
Melee: Dagger            |    64 |     6 ||    70
  Use: Potion            |     7 |       ||     7
 Stab: Sleeping          |     6 |       ||     6
  Eat: Chunk             |     8 |       ||     8
Armor: Robe              |     2 |       ||     2
       Ring mail         |    12 |       ||    12
       Skin              |    42 |    15 ||    57
Dodge: Dodged            |    36 |     3 ||    39
